 Dungeon Sprint DCSS version 0.30-a0-743-gbfdf073431 (webtiles) character file.

Game seed: 13680441966586371769

1372 BigDaddyOpFi the Demonic Catastrophe (level 8, 0/68 HPs)
             Began as a Demonspawn Fighter on Feb 6, 2023.
             Was an Elder of Qazlal.
             Slain by a seven-headed hydra (11 damage)
             ... in the Dungeon (Sprint VII: "The Pits").
             The game lasted 00:01:40 (999 turns).

BigDaddyOpFi the Demonic Catastrophe (DsFi)          Turns: 999, Time: 00:01:41

Health: 0/68       AC: 16    Str: 20    XL:     8   Next: 38%
Magic:  10/18      EV:  7    Int:  9    God:    Qazlal [****..]
Gold:   0          SH: 11    Dex: 12    Spells: 7/7 levels left

rFire   . . .      SeeInvis .    m - +2 flail (heavy)
rCold   . . .      Faith    .    c - +0 buckler
rNeg    . . .      Spirit   .    l - +3 chain mail
rPois   .          Reflect  .    (helmet restricted)
rElec   .          Harm     .    (no cloak)
rCorr   .          Rampage  .    (no gloves)
Will    .....      NoTele   +    (no boots) Stlth
                                 (no amulet)
HPRegen 0.31/turn                (no ring)
MPRegen 0.16/turn                (no ring)

@: repel missiles
A: horns 2, slimy green scales 2, demonic guardian 1, demonic magic 1
a: Renounce Religion, Upheaval, Elemental Force


You were in the Dungeon.
You worshipped Qazlal.
Qazlal was greatly pleased with you.
You visited 1 branch

Inventory:

Hand Weapons
 a - a +0 flail
 m - a +2 heavy flail (weapon)
Armour
 b - a +0 scale mail
 c - a +0 buckler (worn)
 l - a +3 chain mail (worn)
Scrolls
 j - a scroll of blinking
Potions
 d - a potion of might
 e - 6 potions of curing
 f - 3 potions of heal wounds
 g - a potion of haste
 h - 4 potions of magic
 i - 3 potions of berserk rage
 k - 2 potions of invisibility


   Skills:
 + Level 8.2 Fighting
 + Level 6.0(6.5) Axes
 - Level 3.9(5.5) Maces & Flails
 + Level 7.5 Armour
 + Level 7.6 Shields
 * Level 13.8 Invocations


You had 7 spell levels left.
You didn't know any spells.
Your spell library was empty.

Dungeon Overview and Level Annotations

Branches:
Dungeon (1/1)

Altars:
Ashenzari
Cheibriados
Dithmenos
Fedhas
Gozag
Hepliaklqana
Kikubaaqudgha
Makhleb
Nemelex Xobeh
Okawaru
Qazlal
Ru
Sif Muna
Trog
Uskayaw
Vehumet
Wu Jian
Xom
Yredelemnul
Jiyva
Lugonu


Innate Abilities, Weirdness & Mutations

You have a pair of horns on your head.
You are mostly covered in slimy green scales. (AC +3)
A weak demonic guardian rushes to your aid.
Spells you cast may paralyse adjacent enemies.


Message History

Press: ? - help, Dir - look around, f - activate Nature churns violently around you!
The blast of rubble hits the tyrant leech!!
The tyrant leech is heavily wounded.
The cutting wind hits the iguana!!
You kill the iguana!
Qazlal accepts your kill.
The cutting wind hits the tyrant leech!!
The tyrant leech is almost dead.
The blast of rubble hits the seven-headed hydra!!
The seven-headed hydra is moderately wounded.
The cutting wind hits the tyrant leech!!
You kill the tyrant leech!
Qazlal accepts your kill.
You can no longer call upon nature's wrath in a wide area around you.
Your Fighting skill increases to level 8!
Your Axes skill increases to level 6!
The seven-headed hydra bites you!
A demonic guardian appears!
The seven-headed hydra bites you! The seven-headed hydra bites you.
The seven-headed hydra bites you!
You block the seven-headed hydra's attack.
The seven-headed hydra bites you but does no damage.
You block the seven-headed hydra's attack.
There is an open door here.
You bludgeon the seven-headed hydra!!
The seven-headed hydra is heavily wounded.
The seven-headed hydra is struck by lightning.
The seven-headed hydra bites you.
You block the seven-headed hydra's attack. x2
The seven-headed hydra bites you but does no damage.
You block the seven-headed hydra's attack. x2
The seven-headed hydra bites you!
The seven-headed hydra bites you but does no damage.
The seven-headed hydra bites you.
* * * LOW HITPOINT WARNING * * *
The seven-headed hydra barely misses you.
The seven-headed hydra bites you!
* * * LOW HITPOINT WARNING * * *
The seven-headed hydra bites you!
You die...

#.####†##'###...<...#
#†#........##.......#
#.#........##.......#
#'###########.......#
#.......#.. #########
#..#.#..#)######
#.##.##.#≈#....#
#.......#[#....#
#.##.##.#.@..†.+
#..#.#..#5#D...#
#.......'.#....#
################


You could see a seven-headed hydra (ally target) and a friendly iron imp
(summoned).

Vanquished Creatures
  An orc knight (D)
  A tyrant leech (D)
  A warg (D)
  A water moccasin (D)
  A floating eye (D)
  A sky beast (D)
  A gnoll sergeant (D)
  A scorpion (D)
  A quasit (D)
  A hound (D)
  An iguana (D)
  A gnoll (D)
  An adder (D)
  A river rat (D)
  A bat skeleton (D)
  A bat zombie (D)
  A goblin (D)
  A hobgoblin (D)
  3 ball pythons (D)
  A bat (D)
22 creatures vanquished.

Vanquished Creatures (collateral kills)
  A necrophage (D)
1 creature vanquished.

Grand Total: 23 creatures vanquished

Notes
Turn   | Place    | Note
-------+----------+-------------------------------------------
     0 | D        | BigDaddyOpFi the Demonspawn Fighter began the quest for the
                  | Orb.
     0 | D        | Reached XP level 1. HP: 18/18 MP: 1/1
    17 | D        | Found a bloodstained altar of Trog.
    17 | D        | Found a shimmering blue altar of Sif Muna.
    17 | D        | Found a viscous altar of Jiyva.
    17 | D        | Found a hazy altar of Hepliaklqana.
    17 | D        | Found an opulent altar of Gozag.
    18 | D        | Found a basalt altar of Yredelemnul.
    18 | D        | Found a shimmering altar of Xom.
    18 | D        | Found an ornate altar of the Wu Jian Council.
    18 | D        | Found a sacrificial altar of Ru.
    18 | D        | Found a stormy altar of Qazlal.
    18 | D        | Found an iron altar of Okawaru.
    18 | D        | Found a sparkling altar of Nemelex Xobeh.
    18 | D        | Found a burning altar of Makhleb.
    18 | D        | Found a blossoming altar of Fedhas.
    18 | D        | Found a shadowy altar of Dithmenos.
    18 | D        | Found a snail-covered altar of Cheibriados.
    19 | D        | Found a radiant altar of Vehumet.
    19 | D        | Found a corrupted altar of Lugonu.
    20 | D        | Found an ancient bone altar of Kikubaaqudgha.
    20 | D        | Found a hide-covered altar of Uskayaw.
    20 | D        | Found a broken altar of Ashenzari.
    23 | D        | Became a worshipper of Qazlal Stormbringer
    47 | D        | Noticed a floating eye
    51 | D        | Paralysed by a floating eye for 4 turns
    55 | D        | Killed a floating eye
    56 | D        | Reached skill level 6 in Invocations
    56 | D        | Gained mutation: Spells you cast may paralyse adjacent
                  | enemies. [demonic ancestry]
    56 | D        | Reached XP level 2. HP: 19/26 MP: 1/6
    56 | D        | Gained mutation: A weak demonic guardian rushes to your
                  | aid. [demonic ancestry]
    56 | D        | Reached XP level 3. HP: 22/31 MP: 1/7
    56 | D        | Gained mutation: You have a pair of small horns on your
                  | head. [demonic ancestry]
    56 | D        | Reached XP level 4. HP: 28/38 MP: 1/8
   130 | D        | Reached * piety under Qazlal
   143 | D        | Noticed a necrophage
   150 | D        | Reached ** piety under Qazlal
   154 | D        | Killed a necrophage
   155 | D        | Reached skill level 5 in Fighting
   155 | D        | Reached skill level 1 in Axes
   155 | D        | Reached skill level 5 in Shields
   155 | D        | Reached skill level 7 in Invocations
   155 | D        | Reached XP level 5. HP: 31/44 MP: 8/10
   218 | D        | Noticed a warg
   231 | D        | Reached skill level 5 in Armour
   231 | D        | Reached skill level 8 in Invocations
   238 | D        | Killed a warg
   238 | D        | Reached *** piety under Qazlal
   239 | D        | Reached skill level 9 in Invocations
   239 | D        | Gained mutation: You are partially covered in slimy green
                  | scales. (AC +2) [demonic ancestry]
   239 | D        | Reached XP level 6. HP: 19/52 MP: 11/13
   244 | D        | Reached skill level 10 in Invocations
   248 | D        | Reached **** piety under Qazlal
   380 | D        | Noticed an orc knight
   397 | D        | HP: 2/53 [orc knight/+0 halberd (18)]
   400 | D        | Killed an orc knight
   401 | D        | Reached skill level 5 in Axes
   401 | D        | Reached skill level 12 in Invocations
   401 | D        | Gained mutation: You have a pair of horns on your head.
                  | [demonic ancestry]
   401 | D        | Reached XP level 7. HP: 40/60 MP: 13/16
   683 | D        | Reached skill level 13 in Invocations
   683 | D        | Gained mutation: You are mostly covered in slimy green
                  | scales. (AC +3) [demonic ancestry]
   683 | D        | Reached XP level 8. HP: 47/68 MP: 17/17
   704 | D        | Reached ***** piety under Qazlal
   996 | D        | Noticed a tyrant leech
   996 | D        | Noticed a seven-headed hydra
   997 | D        | Killed a tyrant leech
   999 | D        | Slain by a seven-headed hydra

Illustrated notes

Levels and vault maps discovered:
D:        pitsprint [storerooms_1, entrance_room_1, metal_vault_7, armoury_2,
          mini_pit_1, grid_room_1, main_hall_1, silver_pit, the_coven_3,
          the_vestibule_1, steel_vault_3, golden_pit, hallway_of_sentries,
          crystal_vault_2, iron_vault_1, final_vault]

Skill      XL: |  1  2  3  4  5  6  7  8 |
---------------+-------------------------+-----
Maces & Flails | 3 |  3.9
Fighting       | 4 5 6 7 8 |  8.2
Armour         | 4 5 6 7 |  7.5
Shields        | 4 5 7 |  7.6
Invocations    | 6 7 9 12 13 | 13.8
Axes           | 1 3 5 6 |  6.0

Action                     |  1- 3 |  4- 6 |  7- 9 || total
---------------------------+-------+-------+-------++-------
  Melee: Flail             |     6 |    57 |    30 ||    93
         Headbutt          |       |     7 |     4 ||    11
 Invoke: Disaster Area     |       |       |     1 ||     1
    Use: Potion            |       |     2 |     1 ||     3
 Armour: Scale mail        |     2 |    14 |       ||    16
         Chain mail        |       |    37 |    29 ||    66
  Dodge: Dodged            |     5 |    40 |     7 ||    52
  Block: Buckler           |       |    56 |    20 ||    76

Table legend: (Time is in decaauts)
 A = Elapsed time spent in this place.
 B = Non-inter-level travel time spent in this place.
 C = Inter-level travel time spent in this place.
 D = Time resting spent in this place.
 E = Time spent auto-exploring this place.
 F = Levels seen in this place.
 G = Mean time per level.
                   A        B        C        D        E       F      G
               +--------+--------+--------+--------+--------+-----+--------+
         Total |   1054 |   1038 |     16 |    726 |      0 |   1 | 1054.0 |
       Dungeon |   1054 |   1038 |     16 |    726 |      0 |   1 | 1054.0 |
               +--------+--------+--------+--------+--------+-----+--------+

Top non-repeatable levels by time:
       D: 1054 daAuts
